 Dungeon Crawl Stone Soup version 0.21-a0-364-gbd1fde4 (webtiles) character file.

6860 trustheclown the Thaumaturge (level 11, -1/74 HPs)
             Began as an Octopode Venom Mage on Oct 14, 2017.
             Was a Priest of Vehumet.
             Slain by a spiny frog (24 damage)
             ... on level 1 of the Lair of Beasts.
             The game lasted 00:37:59 (17407 turns).

trustheclown the Thaumaturge (Octopode Venom Mage) Turns: 17407, Time: 00:37:59

Health: -1/74      AC:  3    Str: 16    XL:     11   Next: 6%
Magic:  5/24       EV: 16    Int: 20    God:    Vehumet [***...]
Gold:   360        SH:  0    Dex: 13    Spells: 9/28 levels left

rFire    . . .     SeeInvis .   n - +3 dagger (venom)
rCold    . . .     Gourm    .   (no shield)
rNeg     . . .     Faith    .   r - +2 hat
rPois    +         Spirit   .   O - amulet of rage
rElec    .         Reflect  .   B - ring of resist corrosion
rCorr    +         Harm     .   I - ring of poison resistance
MR       +....                  F - ring "Acze" {MR+ Stlth+}
Stlth    ++++......             l - +3 ring of strength
HPRegen  0.22/turn              (no ring)
MPRegen  0.19/turn              (no ring)
                                (no ring)
                                (no ring)

@: mighty, hasted, very quick
A: almost no armour, stealthy swim, amphibious, 8 rings, constrict 8, camouflage
1, gelatinous body 1
a: Renounce Religion, Evoke Berserk Rage


You were on level 1 of the Lair of Beasts.
You worshipped Vehumet.
Vehumet was most pleased with you.
You were not hungry.

You visited 3 branches of the dungeon, and saw 12 of its levels.
You also visited: Sewer.

You collected 529 gold pieces.
You spent 169 gold pieces at shops.

Inventory:

Hand Weapons
 c - a +0 hand axe
 f - a +0 hand crossbow
 h - a +0 dagger
 n - a +3 dagger of venom (weapon)
 t - a +1 flail of pain
 y - a +1 trident of venom
Missiles
 d - 308 stones (quivered)
 w - a throwing net
 A - 47 sling bullets
Armour
 r - a +2 hat (worn)
Jewellery
 l - a +3 ring of strength (on tentacle)
 o - an uncursed ring of loudness
 B - a ring of resist corrosion (left tentacle)
 F - the ring "Acze" (on tentacle) {MR+ Stlth+}
   (You acquired it on level 8 of the Dungeon)

   [ring of protection from magic]

   It affects your resistance to hostile enchantments.
   It makes you more stealthy.
 I - a ring of poison resistance (right tentacle)
 O - an amulet of rage (around mantle)
Wands
 C - a wand of iceblast (11/15)
 H - a wand of iceblast (8/15)
 L - a wand of iceblast (1/15)
 P - a wand of random effects (11/48)
 S - a wand of enslavement (1/24)
Scrolls
 g - a scroll of random uselessness
 i - 5 scrolls of amnesia
 k - a scroll of identify
 x - 3 scrolls of remove curse
 E - a scroll of enchant armour
 K - a scroll of enchant weapon
 M - a scroll of holy word {unknown}
 Q - 2 scrolls of magic mapping {unknown}
 T - a scroll of silence {unknown}
Potions
 e - 4 potions of curing
 m - 2 potions of agility
 p - a potion of haste
 s - a potion of brilliance
 v - a potion of flight
 z - 4 potions of ambrosia
 J - a potion of might
 N - 2 potions of cancellation
 R - 2 potions of mutation
 U - a potion of heal wounds
Books
 a - a Young Poisoner's Handbook

   Spells                             Type                      Level
   a - Sting                          Conjuration/Poison           1
   b - Poisonous Vapours              Poison/Air                   2
   c - Mephitic Cloud                 Conjuration/Poison/Air       3
   d - Olgreb's Toxic Radiance        Poison                       4
   e - Venom Bolt                     Conjuration/Poison           5
 D - a book of Cantrips

   Spells                             Type                      Level
   a - Confusing Touch                Hexes                        1
   b - Animate Skeleton               Necromancy                   1
   c - Summon Small Mammal            Summoning                    1
   d - Apportation                    Translocation                1
 G - a book of Misfortune

   Spells                             Type                      Level
   a - Confusing Touch                Hexes                        1
   b - Confuse                        Hexes                        3
   c - Gell's Gravitas                Translocation                3
   d - Petrify                        Transmutation/Earth          4
   e - Metabolic Englaciation         Hexes/Ice                    5
   f - Yara's Violent Unravelling     Hexes/Transmutation          5
Comestibles
 b - 4 bread rations
 j - 8 meat rations
 q - 6 fruits
 u - 7 royal jellies


   Skills:
 - Level 6.8 Fighting
 + Level 6.6 Dodging
 - Level 2.6 Stealth
 - Level 9.1 Spellcasting
 + Level 8.8 Conjurations
 - Level 6.2 Poison Magic


You had 9 spell levels left.
You knew the following spells:

 Your Spells              Type           Power        Failure   Level  Hunger
a - Sting                 Conj/Pois      ####         1%          1    None
b - Poisonous Vapours     Pois/Air       ###...       3%          2    None
c - Venom Bolt            Conj/Pois      #####.....   2%          5    #####..
d - Olgreb's Toxic Radia  Pois           ####....     1%          4    ###....
e - Freeze                Ice            #...         2%          1    None
f - Mephitic Cloud        Conj/Pois/Air  ####....     1%          3    None
g - Ignite Poison         Fire/Tmut/Pois ###.....     2%          3    None


Dungeon Overview and Level Annotations

Branches:
Dungeon (10/15)            Temple (1/1) D:4            Lair (1/6) D:10
    Orc (0/2) D:10

Altars:
Ashenzari
Cheibriados
Dithmenos
Elyvilon
Fedhas
Gozag
Hepliaklqana
Kikubaaqudgha
Makhleb
Nemelex Xobeh
Okawaru
Qazlal
Ru
Sif Muna
Trog
Uskayaw
Vehumet
Wu Jian
Xom
Yredelemnul
Zin
The Shining One

Shops:
D:5 !

Annotations:
D:10 arkorax's ghost, journeyman DrCK


Innate Abilities, Weirdness & Mutations

You cannot wear most types of armour.
You are very stealthy in the water. (Stealth+)
You are amphibious.
You can wear up to eight rings at the same time.
You can use your tentacles to constrict eight enemies at once.
Your skin changes colour to match your surroundings (Stealth+).
Your rubbery body absorbs attacks. (AC +1, EV +1)


Message History

You constrict the spiny frog, but do no damage.
The spiny frog stings you!!
You hit the spiny frog.
The spiny frog is poisoned.
The spiny frog is moderately wounded.
You constrict the spiny frog.
Unknown command.
You feel very mighty all of a sudden.
You constrict the spiny frog, but do no damage.
The spiny frog stings you!
A four-headed hydra comes into view.
You feel much better.
You constrict the spiny frog, but do no damage.
The spiny frog stings you!!
The four-headed hydra roars!
You puncture the spiny frog! Your squeeze misses the spiny frog.
The spiny frog is severely wounded.
You constrict the spiny frog.
You hear a loud, deep croak!
The spiny frog stings you!!
You die...

.
#.#########....
.......@.......
......F..?.....
)..............
..$............
.......l.......
...............
##.#####.D.#.##
## .....#


You could see a four-headed hydra, a komodo dragon and a spiny frog.

Vanquished Creatures
  The ghost of Gruesome the Blocker, a novice OpFi of Cheibriados (D:8)
  An elephant (D:10)
  2 trolls (D:9)
  A hippogriff (D:10)
  4 yaks
  4 hogs (D:7)
  A wyvern (D:9)
  2 basilisks (D:10)
  A human (D:7)
  Duvessa (D:7)
  3 sky beasts
  2 orc warriors
  A black bear (D:9)
  An ice beast (D:7)
  5 ogres
  A necrophage (D:3)
  2 centaurs
  A crocodile (D:9)
  A big kobold (D:9)
  5 bullfrogs
  A wyvern skeleton (D:8)
  4 scorpions
  Dowan (D:7)
  6 killer bees (D:10)
  A howler monkey (D:6)
  A bullfrog zombie (D:7)
  2 crimson imps
  2 hounds
  A centaur zombie (D:7)
  4 orc priests
  4 orc wizards
  A bullfrog skeleton (D:7)
  Jessica (D:2)
  A centaur skeleton (D:6)
  An iguana (D:9)
  Terence (D:2)
  7 worker ants
  2 hound zombies
  2 hound skeletons
  A howler monkey zombie (D:2)
  2 worker ant zombies
  15 adders
  8 gnolls
  A howler monkey skeleton (D:6)
  2 shadow imps
  A white imp (D:4)
  An adder skeleton (D:4)
  3 worms (D:2)
  6 dart slugs
  6 leopard geckos
  22 orcs
  8 bats
  9 giant cockroaches
  16 goblins
  10 hobgoblins
  9 jackals
  14 kobolds
  6 quokkas
  4 ball pythons
  2 ball python skeletons
  13 frilled lizards
  A goblin zombie (D:4)
  3 hobgoblin zombies (D:4)
  A jackal skeleton (D:2)
  A leopard gecko zombie (D:2)
  2 orc skeletons (D:4)
  2 orc zombies (D:4)
  2 quokka skeletons
  A quokka zombie (D:6)
  5 rats
260 creatures vanquished.

Notes
Turn   | Place    | Note
-------+----------+-------------------------------------------
     0 | D:1      | trustheclown the Octopode Venom Mage began the quest for the Orb.
     0 | D:1      | Reached XP level 1. HP: 11/11 MP: 3/3
   117 | D:1      | Reached XP level 2. HP: 17/17 MP: 0/5
   545 | D:1      | Reached XP level 3. HP: 21/21 MP: 3/6
   627 | D:1      | Learned a level 2 spell: Poisonous Vapours
  1507 | D:1      | Reached XP level 4. HP: 7/27 MP: 6/8
  2136 | D:2      | Noticed Jessica
  2142 | D:2      | Killed Jessica
  2142 | D:2      | Reached XP level 5. HP: 31/31 MP: 4/9
  2231 | D:2      | Noticed Terence
  2243 | D:2      | Killed Terence
  2243 | D:2      | Reached skill level 3 in Spellcasting
  3038 | D:2      | Reached skill level 5 in Poison Magic
  3149 | D:2      | Learned a level 5 spell: Venom Bolt
  3534 | D:3      | Reached XP level 6. HP: 34/36 MP: 3/10
  3847 | D:3      | Noticed a necrophage
  3860 | D:3      | Killed a necrophage
  4866 | D:3      | Found a blossoming altar of Fedhas.
  4867 | D:3      | Found a burning altar of Makhleb.
  5445 | D:4      | Found a staircase to the Ecumenical Temple.
  5452 | Temple   | Entered the Ecumenical Temple
  5510 | Temple   | Became a worshipper of Vehumet
  5557 | D:4      | Found a glowing golden altar of the Shining One.
  5747 | D:4      | Reached skill level 5 in Conjurations
  5747 | D:4      | Reached XP level 7. HP: 23/42 MP: 1/12
  6106 | D:4      | Reached skill level 1 in Fighting
  6224 | D:4      | Found a snail-covered altar of Cheibriados.
  6409 | D:4      | Learned a level 4 spell: Olgreb's Toxic Radiance
  6631 | D:4      | Reached * piety under Vehumet
  6631 | D:4      | Offered knowledge of Freeze by Vehumet.
  6707 | D:4      | Learned a level 1 spell: Freeze
  6871 | D:5      | Entered Level 5 of the Dungeon
  6888 | D:4      | Reached skill level 4 in Spellcasting
  6888 | D:4      | Reached XP level 8. HP: 37/51 MP: 8/14
  7391 | D:5      | Found Aperhiem's Distillery.
  7399 | D:5      | Bought a potion of heal wounds for 65 gold pieces
  7399 | D:5      | Bought 2 potions of might for 104 gold pieces
  7531 | D:6      | Reached skill level 5 in Spellcasting
  7689 | D:6      | Found a glowing drain.
  7694 | Sewer    | Entered a sewer
  8066 | Sewer    | Reached ** piety under Vehumet
  8066 | Sewer    | Offered knowledge of Throw Frost by Vehumet.
  8888 | D:6      | Reached skill level 6 in Spellcasting
  8960 | D:6      | Found a shadowy altar of Dithmenos.
  9032 | D:6      | Reached XP level 9. HP: 34/59 MP: 13/18
  9305 | D:6      | Found an ornate altar of the Wu Jian Council.
  9742 | D:7      | Noticed Dowan
  9759 | D:7      | Killed Dowan
  9764 | D:7      | Reached skill level 5 in Fighting
  9775 | D:7      | Reached skill level 7 in Spellcasting
  9835 | D:7      | Noticed Duvessa
  9856 | D:7      | Killed Duvessa
  9987 | D:7      | Learned a level 3 spell: Mephitic Cloud
 10413 | D:7      | Offered knowledge of Ignite Poison by Vehumet.
 10436 | D:7      | Learned a level 3 spell: Ignite Poison
 11032 | D:7      | Reached skill level 8 in Spellcasting
 11504 | D:8      | Reached XP level 10. HP: 27/69 MP: 13/22
 11510 | D:8      | Reached *** piety under Vehumet
 11513 | D:8      | Reached skill level 9 in Spellcasting
 11771 | D:8      | Noticed Gruesome's ghost (novice OpFi)
 11791 | D:8      | Found a shimmering altar of Xom.
 12861 | D:8      | Identified a scroll of acquirement
 12862 | D:8      | Got a pitted granite ring
 12863 | D:8      | Identified the ring "Acze" {MR+ Stlth+} (You acquired it on level 8 of the Dungeon)
 12875 | D:8      | Found an opulent altar of Gozag.
 13779 | D:9      | Offered knowledge of Inner Flame by Vehumet.
 14887 | D:10     | Entered Level 10 of the Dungeon
 15007 | D:10     | Noticed arkorax's ghost (journeyman DrCK)
 15127 | D:10     | Noticed an elephant
 15135 | D:10     | Killed an elephant
 15135 | D:10     | Reached skill level 5 in Dodging
 15136 | D:10     | Found a staircase to the Lair.
 15158 | D:10     | Found a staircase to the Orcish Mines.
 15474 | D:8      | Killed Gruesome's ghost
 16114 | D:9      | Reached **** piety under Vehumet
 16699 | D:9      | Reached XP level 11. HP: 74/74 MP: 16/24
 17345 | D:10     | Noticed a green ugly thing
 17398 | Lair:1   | Entered Level 1 of the Lair of Beasts
 17406 | Lair:1   | Noticed a four-headed hydra
 17407 | Lair:1   | Slain by a spiny frog

Vault maps used:
D:1:      dpeg_arrival_erosion, hangedman_decor_riveting, minmay_quantized
D:2:      kennysheep_six_static_rooms, serial_undead, serial_undead_e,
          serial_undead_e, serial_undead_c, serial_undead_f,
          kennysheep_decorative_pillar, uniq_terence, uniq_jessica
D:3:      gammafunk_temple_overflow_pools
D:4:      nicolae_tso_besieged_by_evil, kennysheep_mini, temple_green,
          first_bread, kennysheep_generic_room_5
D:5:      serial_shops, nicolae_shop_crystal
D:6:      overflow_temple_1_default, portal_sewer_entry_e,
          kb_lookout_dungeons_type, nicolae_dithmenos_through_a_glass_darkly
D:7:      grunt_livestock, kennysheep_generic_room_11, uniq_duvessa
D:8:      xom_confusion_cloud, marbit_many_paths
D:9:      minmay_distorted_concentric_squares
D:10:     david_lair_generic, orc_0_dummy, st_stairs_14
Temple:   eino_wide_crystal_templ
Lair:1:   st_stairs_10, grunt_megastairs_2
Sewer:    sewer_frog_island_01

Skill      XL: |  1  2  3  4  5  6  7  8  9 10 |
---------------+-------------------------------+-----
Conjurations   | 2 3 4 5 8 |  8.8
Poison Magic   | 4 5 6 |  6.2
Spellcasting   | 3 4 6 8 9 |  9.1
Fighting       | 2 4 6 |  6.8
Dodging        | 6 |  6.6
Stealth        | |  2.6

Action                   |  1- 3 |  4- 6 |  7- 9 | 10-12 || total
-------------------------+-------+-------+-------+-------++-------
Melee: Dagger            |    24 |    79 |   145 |    70 ||   318
       Constrict         |     7 |    24 |    37 |    12 ||    80
       Tentacles         |     5 |    12 |    31 |     9 ||    57
 Cast: Sting             |    65 |    21 |     3 |       ||    89
       Poisonous Vapours |     6 |    54 |   141 |    59 ||   260
       Venom Bolt        |       |       |     3 |     9 ||    12
       Ignite Poison     |       |       |     5 |    11 ||    16
       Olgreb's Toxic Ra |       |       |     2 |    10 ||    12
       Mephitic Cloud    |       |       |     2 |     4 ||     6
       Freeze            |       |       |       |     1 ||     1
Evoke: Wand              |       |       |       |     2 ||     2
  Use: Scroll            |     4 |    10 |     1 |    13 ||    28
       Potion            |       |     3 |     2 |     8 ||    13
 Stab: Sleeping          |       |     2 |     6 |     3 ||    11
       Confused          |       |       |     1 |       ||     1
  Eat: Chunk             |     3 |    10 |     5 |     5 ||    23
       Bread ration      |       |     1 |     4 |     2 ||     7
       Meat ration       |       |       |       |     1 ||     1
Armor: Skin              |     3 |    18 |    17 |    11 ||    49
Dodge: Dodged            |    21 |    94 |   119 |    79 ||   313

Table legend:
 A = Spawn XP
 B = Non-spawn XP
 C = Spawn XP percentage of total XP
 D = Spawn monster count
 E = Non-spawn monster count
 F = Spawn count percentage of total count
 G = Total turns spent on level
                    A         B        C        D         E        F      G
               +---------+---------+-------+---------+---------+-------+---------
         Total |       0 |    9800 |   0.0 |       0 |     260 |   0.0 | 17407
               +---------+---------+-------+---------+---------+-------+---------
           D:1 |       0 |     129 |   0.0 |       0 |      42 |   0.0 |  1726
           D:2 |       0 |     183 |   0.0 |       0 |      27 |   0.0 |  1635
           D:3 |       0 |     189 |   0.0 |       0 |      20 |   0.0 |  1987
           D:4 |       0 |     738 |   0.0 |       0 |      34 |   0.0 |  1611
           D:5 |       0 |     333 |   0.0 |       0 |      13 |   0.0 |   669
           D:6 |       0 |     640 |   0.0 |       0 |      21 |   0.0 |  1202
           D:7 |       0 |    1883 |   0.0 |       0 |      28 |   0.0 |  2473
           D:8 |       0 |    1939 |   0.0 |       0 |      28 |   0.0 |  2661
           D:9 |       0 |    1589 |   0.0 |       0 |      15 |   0.0 |  2027
          D:10 |       0 |    1955 |   0.0 |       0 |      14 |   0.0 |   664
         Sewer |       0 |     222 |   0.0 |       0 |      18 |   0.0 |   678
               +---------+---------+-------+---------+---------+-------+---------
